MLB
CLEVELAND GUARDIANS @ NEW YORK (A) YANKEES
05/29/2042
 
TOP OF THE 1ST
Cleveland Guardians batting - Pitching for New York (A) Yankees : RHP José Fernández
Pitching: RHP José Fernández
Batting: RHB Ken Ladd 0-0: Ball
1-0: Called Strike
1-1: Ball
2-1: Called Strike
2-2: Ball
3-2: Foul Ball, location: 2F
3-2: Ground out 4-3 (Groundball, 4, EV 78.1 MPH)
Batting: RHB Jon Morton 0-0: Ball
1-0: Fly out, F8 (Flyball, 8RXD, EV 98.8 MPH)
Batting: RHB Jeff Jacobs 0-0: Ball
1-0: Called Strike
1-1: Foul Ball, location: 5F
1-2: Ball
2-2: Ball
3-2: Base on Balls
Batting: RHB Raúl Benítez 0-0: Ball
1-0: Ball
2-0: SINGLE (Groundball, 6MD, EV 98.1 MPH)
Jeff Jacobs to second
Runner from 2nd tries for 3rd, SAFE, throw by CF made to third
Batting: LHB Juan Morales 0-0: Foul Ball, location: 2F
0-1: Fly out, F8 (Flyball, 89M, EV 85.6 MPH)
Top of the 1st over - 0 runs, 1 hit, 0 errors, 2 left on base; Cleveland 0 - New York (A) 0
BOTTOM OF THE 1ST
New York (A) Yankees batting - Pitching for Cleveland Guardians : RHP Alex Mills
Pitching: RHP Alex Mills
Batting: LHB Johnny Erwin 0-0: Foul Ball, location: 3FF
0-1: Foul Ball, location: 7LSF, Error on foul ball, E7
0-2: Ball
1-2: Ball
2-2: Ground out 4-3 (Groundball, 4, EV 104.4 MPH)
Batting: RHB Benjamim Futscher 0-0: Called Strike
0-1: Ground out 5-3 (Groundball, 5, EV 85.6 MPH)
Batting: LHB Derek Allen 0-0: Ball
1-0: Ball
2-0: Foul Ball, location: 7LSF
2-1: Ball
3-1: Called Strike
3-2: Foul Ball, location: 7LDF
3-2: DOUBLE (Groundball, 3L, EV 101.3 MPH)
Batting: LHB Bob Armstrong 0-0: Ground out 6-3 (Groundball, 6, EV 87.5 MPH)
Bottom of the 1st over - 0 runs, 1 hit, 1 error, 1 left on base; Cleveland 0 - New York (A) 0
TOP OF THE 2ND
Cleveland Guardians batting - Pitching for New York (A) Yankees : RHP José Fernández
Batting: LHB José Fontanez 0-0: Ball
1-0: Reached via error on a dropped throw from 1B, E1 (Groundball, 34, EV 84.4 MPH)
Batting: RHB Faust Ghisolfi 0-0: Called Strike
0-1: Fly out, F4 (Flyball, 34D, EV 90.6 MPH)
Batting: SHB Tim Webster 0-0: Called Strike
0-1: Called Strike
0-2: Strikes out swinging
Batting: LHB António Caligas 0-0: Ball
1-0: SINGLE (Groundball, 6MD, EV 104.4 MPH)
José Fontanez to second
Batting: RHB Ken Ladd 0-0: Ball
1-0: Called Strike
1-1: Ball
2-1: Swinging Strike
2-2: Fielders Choice at 3rd, U5 (Groundball, 5, EV 88.8 MPH)
Top of the 2nd over - 0 runs, 1 hit, 1 error, 1 left on base; Cleveland 0 - New York (A) 0
BOTTOM OF THE 2ND
New York (A) Yankees batting - Pitching for Cleveland Guardians : RHP Alex Mills
Batting: RHB Gene Russell 0-0: Ground out 4-3 (Groundball, 4, EV 105.0 MPH)
Batting: RHB Cris Ruíz 0-0: Ball
1-0: Called Strike
1-1: Swinging Strike
1-2: Strikes out swinging
Batting: RHB Rory Cochran 0-0: Called Strike
0-1: Swinging Strike
0-2: Fly out, F7 (Flyball, 78D, EV 88.8 MPH)
Bottom of the 2nd over - 0 runs, 0 hits, 0 errors, 0 left on base; Cleveland 0 - New York (A) 0
TOP OF THE 3RD
Cleveland Guardians batting - Pitching for New York (A) Yankees : RHP José Fernández
Batting: RHB Jon Morton 0-0: Called Strike
0-1: Ball
1-1: Called Strike
1-2: Foul Ball, location: 3SF
1-2: Ball
2-2: Ball
3-2: SINGLE (Groundball, 6MD, EV 96.9 MPH)
Batting: RHB Jeff Jacobs 0-0: Ball
1-0: Ball
2-0: Ball
3-0: Called Strike
3-1: Called Strike
3-2: Foul Ball, location: 9LSF
3-2: SINGLE (Groundball, 34D, EV 104.4 MPH)
Jon Morton to second
Runner from 2nd tries for 3rd, SAFE, throw by RF made to third
Batting: RHB Raúl Benítez 0-0: Grounds into double play, 4-6-3 (Groundball, 4M, EV 105.6 MPH)
Jon Morton scores
Batting: LHB Juan Morales 0-0: Fly out, F8 (Flyball, 8LXD, EV 94.4 MPH)
Top of the 3rd over - 1 run, 2 hits, 0 errors, 0 left on base; Cleveland 1 - New York (A) 0
BOTTOM OF THE 3RD
New York (A) Yankees batting - Pitching for Cleveland Guardians : RHP Alex Mills
Batting: RHB Juan Colón 0-0: Ball
1-0: SINGLE (Groundball, P, EV 80.0 MPH) (infield hit)
Batting: RHB Johnny Sherman 0-0: Ball
1-0: Bunt - Flyout to 25! F5
Batting: LHB Johnny Erwin 0-0: Foul Ball, location: 3FF
0-1: Fielders Choice at 2nd, 4-6 (Groundball, 4, EV 81.3 MPH)
Batting: RHB Benjamim Futscher 0-0: Swinging Strike
0-1: Ball
1-1: Ground out 4-3 (Groundball, 4S, EV 86.3 MPH)
Bottom of the 3rd over - 0 runs, 1 hit, 0 errors, 1 left on base; Cleveland 1 - New York (A) 0
TOP OF THE 4TH
Cleveland Guardians batting - Pitching for New York (A) Yankees : RHP José Fernández
Batting: LHB José Fontanez 0-0: Ball
1-0: Swinging Strike
1-1: Foul Ball, location: 9LMF
1-2: Ball
2-2: Strikes out looking
Batting: RHB Faust Ghisolfi 0-0: Ball
1-0: Ball
2-0: Foul Ball, location: 9LMF
2-1: Foul Ball, location: 9LDF
2-2: Foul Ball, location: 2F
2-2: Ball
3-2: Fly out, F8 (Flyball, 8RM, EV 89.4 MPH)
Batting: SHB Tim Webster 0-0: Ball
1-0: Called Strike
1-1: Called Strike
1-2: Ball
2-2: Strikes out swinging
Top of the 4th over - 0 runs, 0 hits, 0 errors, 0 left on base; Cleveland 1 - New York (A) 0
BOTTOM OF THE 4TH
New York (A) Yankees batting - Pitching for Cleveland Guardians : RHP Alex Mills
Batting: LHB Derek Allen 0-0: Ball
1-0: Ball
2-0: Foul Ball, location: 2LF
2-1: Ball
3-1: Foul Ball, location: 7LSF
3-2: Base on Balls
Batting: LHB Bob Armstrong 0-0: Called Strike
0-1: Ball
1-1: Ball
2-1: DOUBLE (Line Drive, 9LD, EV 110.0 MPH)
Derek Allen to third
Batting: RHB Gene Russell 0-0: Called Strike
0-1: Swinging Strike
0-2: Strikes out looking
Batting: RHB Cris Ruíz 0-0: Foul Ball, location: 23FF
0-1: Ball
1-1: Ball
2-1: Ball
3-1: Fly out, F9 (Line Drive, 89M, EV 91.9 MPH)
Batting: RHB Rory Cochran 0-0: Ball
1-0: Ball
2-0: Foul Ball, location: 9LSF
2-1: Called Strike
2-2: Foul Ball, location: 2F
2-2: Ball
3-2: Strikes out looking
Bottom of the 4th over - 0 runs, 1 hit, 0 errors, 2 left on base; Cleveland 1 - New York (A) 0
TOP OF THE 5TH
Cleveland Guardians batting - Pitching for New York (A) Yankees : RHP José Fernández
Batting: LHB António Caligas 0-0: Called Strike
0-1: Foul Ball, location: 2F
0-2: Ball
1-2: Ball
2-2: Fly out, F7 (Flyball, 78M, EV 98.8 MPH)
Batting: RHB Ken Ladd 0-0: Called Strike
0-1: Ball
1-1: Ball
2-1: Foul Ball, location: 5FF
2-2: Foul Ball, location: 9LDF
2-2: Strikes out swinging
Batting: RHB Jon Morton 0-0: Ball
1-0: Foul Ball, location: 2F
1-1: Swinging Strike
1-2: Foul Ball, location: 9LSF
1-2: DOUBLE (Line Drive, 9LS, EV 110.0 MPH) - OUT at third base trying to stretch hit.
Top of the 5th over - 0 runs, 1 hit, 0 errors, 0 left on base; Cleveland 1 - New York (A) 0
BOTTOM OF THE 5TH
New York (A) Yankees batting - Pitching for Cleveland Guardians : RHP Alex Mills
Batting: RHB Juan Colón 0-0: Ball
1-0: Fly out, F8 (Line Drive, 78D, EV 89.4 MPH)
Batting: RHB Johnny Sherman 0-0: Swinging Strike
0-1: Ball
1-1: Foul Ball, location: 7LMFF
1-2: Ball
2-2: Foul Ball, location: 2F
2-2: Ground out 5-3 (Groundball, 56, EV 80.6 MPH)
Batting: LHB Johnny Erwin 0-0: Ball
1-0: Foul Ball, location: 2F
1-1: Swinging Strike
1-2: Strikes out looking
Bottom of the 5th over - 0 runs, 0 hits, 0 errors, 0 left on base; Cleveland 1 - New York (A) 0
TOP OF THE 6TH
Cleveland Guardians batting - Pitching for New York (A) Yankees : RHP José Fernández
Batting: RHB Jeff Jacobs 0-0: Ball
1-0: Ball
2-0: Ball
3-0: Base on Balls
Batting: RHB Raúl Benítez 0-0: Called Strike
0-1: Ball
1-1: Fly out, F9 (Flyball, 9D, EV 99.4 MPH)
Batting: LHB Juan Morales 0-0: Foul Ball, location: 9LMF
0-1: Called Strike
0-2: Ball
1-2: Ball
2-2: Foul Ball, location: 2F
2-2: Strikes out swinging
Batting: LHB José Fontanez 0-0: Ball
1-0: Foul Ball, location: 2F
1-1: Foul Ball, location: 5F
1-2: Strikes out swinging
Top of the 6th over - 0 runs, 0 hits, 0 errors, 1 left on base; Cleveland 1 - New York (A) 0
BOTTOM OF THE 6TH
New York (A) Yankees batting - Pitching for Cleveland Guardians : RHP Alex Mills
Batting: RHB Benjamim Futscher 0-0: Foul Ball, location: 9LDF
0-1: Ball
1-1: Ball
2-1: Ground out 1-3 (Groundball, 15, EV 66.3 MPH)
Batting: LHB Derek Allen 0-0: Called Strike
0-1: Ground out 4-3 (Groundball, 4, EV 104.4 MPH)
Batting: LHB Bob Armstrong 0-0: Ball
1-0: Called Strike
1-1: Ground out 6-3 (Groundball, 4, EV 83.1 MPH)
Bottom of the 6th over - 0 runs, 0 hits, 0 errors, 0 left on base; Cleveland 1 - New York (A) 0
TOP OF THE 7TH
Cleveland Guardians batting - Pitching for New York (A) Yankees : RHP José Fernández
Batting: RHB Faust Ghisolfi 0-0: Swinging Strike
0-1: Ball
1-1: SINGLE (Groundball, 34D, EV 101.3 MPH)
Batting: SHB Tim Webster 0-0: Swinging Strike
0-1: Ball
1-1: Fielders Choice at 2nd, 3-6 (Groundball, 34S, EV 79.4 MPH)
Pitching: LHP Nelson Acosta
Batting: LHB António Caligas 0-0: Called Strike
0-1: Ball
1-1: Foul Ball, location: 7LMF
1-2: Ball
2-2: Fly out, F7 (Flyball, 7, EV 86.9 MPH)
Batting: RHB Ken Ladd 0-0: Ball
1-0: Ball
2-0: Foul Ball, location: 5DF
2-1: Fly out, F6 (Popup, 6MS, EV 59.4 MPH)
Top of the 7th over - 0 runs, 1 hit, 0 errors, 1 left on base; Cleveland 1 - New York (A) 0
BOTTOM OF THE 7TH
New York (A) Yankees batting - Pitching for Cleveland Guardians : RHP Alex Mills
Batting: RHB Gene Russell 0-0: Ball
1-0: Ball
2-0: Foul Ball, location: 25F
2-1: TRIPLE (Line Drive, 89XD, EV 103.1 MPH)
Pinch Hitting: LHB Doug Cunningham 0-0: Foul Ball, location: 9LMF
0-1: SINGLE (Groundball, 4D, EV 105.0 MPH)
Gene Russell scores
Batting: RHB Rory Cochran 0-0: Ball
1-0: Called Strike
1-1: Swinging Strike
1-2: Strikes out looking
Batting: RHB Juan Colón 0-0: Called Strike
0-1: Ball
1-1: Foul Ball, location: 2LF
1-2: Strikes out swinging
Batting: RHB Johnny Sherman 0-0: Ball
1-0: Called Strike
1-1: SINGLE (Groundball, 34D, EV 101.9 MPH)
Doug Cunningham to second
Runner from 2nd tries for 3rd, SAFE, throw by RF made to third
Batting: LHB Johnny Erwin 0-0: Ball
1-0: Ball
2-0: Ball
3-0: Called Strike
3-1: Called Strike
3-2: Ground out 6-3 (Groundball, 6, EV 88.8 MPH)
Bottom of the 7th over - 1 run, 3 hits, 0 errors, 2 left on base; Cleveland 1 - New York (A) 1
TOP OF THE 8TH
Cleveland Guardians batting - Pitching for New York (A) Yankees : LHP Nelson Acosta
Now in LF: Tony Bórquez
Batting: RHB Jon Morton 0-0: Ball
1-0: Called Strike
1-1: DOUBLE (Flyball, 8RD, EV 105.6 MPH)
Batting: RHB Jeff Jacobs 0-0: Ball
1-0: Foul Ball, location: 2F
1-1: Foul Ball, location: 5F
1-2: Ball
2-2: Ball
3-2: Ground out U3 (Groundball, 34, EV 91.9 MPH)
Jon Morton to third
Batting: RHB Raúl Benítez 0-0: Called Strike
0-1: Foul Ball, location: 9LDF
0-2: Strikes out looking
Pinch Hitting: RHB José Espinoza 0-0: Ball
1-0: Ball
2-0: Ball
3-0: Called Strike
3-1: 2-RUN HOME RUN (Flyball, 7D, EV 96.3 MPH), Distance : 367 ft
Batting: LHB José Fontanez 0-0: Swinging Strike
0-1: Ball
1-1: Foul Ball, location: 3F
1-2: Ball
2-2: Strikes out swinging
Top of the 8th over - 2 runs, 2 hits, 0 errors, 0 left on base; Cleveland 3 - New York (A) 1
BOTTOM OF THE 8TH
New York (A) Yankees batting - Pitching for Cleveland Guardians : RHP Alex Mills
Now at 1B: Luis García
Now at 2B: Josh Wilson
Batting: RHB Benjamim Futscher 0-0: Called Strike
0-1: Ball
1-1: Called Strike
1-2: Strikes out swinging
Batting: LHB Derek Allen 0-0: Ball
1-0: Ball
2-0: SINGLE (Flyball, 89S, EV 98.1 MPH)
Batting: LHB Bob Armstrong 0-0: Called Strike
0-1: Ball
1-1: Called Strike
1-2: Ball
2-2: 2-RUN HOME RUN (Flyball, 8RXD, EV 100.0 MPH), Distance : 418 ft
Batting: RHB Gene Russell 0-0: Ball
1-0: Ball
2-0: Fly out, F9 (Line Drive, 9LM, EV 105.6 MPH)
Batting: RHB Tony Bórquez 0-0: Called Strike
0-1: Ball
1-1: SINGLE (Groundball, 34D, EV 108.1 MPH)
Pitching: RHP Raúl Llanet
Batting: RHB Rory Cochran 0-0: Called Strike
Tony Bórquez steals 2nd base
0-1: Ground out 6-3 (Groundball, 6, EV 85.6 MPH)
Bottom of the 8th over - 2 runs, 3 hits, 0 errors, 1 left on base; Cleveland 3 - New York (A) 3
TOP OF THE 9TH
Cleveland Guardians batting - Pitching for New York (A) Yankees : LHP Nelson Acosta
Batting: RHB Faust Ghisolfi 0-0: Called Strike
0-1: Swinging Strike
0-2: Strikes out swinging
Batting: SHB Tim Webster 0-0: Foul Ball, location: 9LDF
0-1: Ball
1-1: Ball
2-1: Swinging Strike
2-2: Fly out, F8 (Flyball, 8RD, EV 95.0 MPH)
Pitching: RHP Jim Yates
Batting: LHB António Caligas 0-0: Swinging Strike
0-1: Foul Ball, location: 2F
0-2: SINGLE (Flyball, 56D, EV 92.5 MPH)
Batting: RHB Ken Ladd 0-0: Foul Ball, location: 9LMF
0-1: Fly out, F8 (Flyball, 8RD, EV 96.3 MPH)
Top of the 9th over - 0 runs, 1 hit, 0 errors, 1 left on base; Cleveland 3 - New York (A) 3
BOTTOM OF THE 9TH
New York (A) Yankees batting - Pitching for Cleveland Guardians : RHP Raúl Llanet
Batting: RHB Juan Colón 0-0: Called Strike
0-1: SOLO HOME RUN (Flyball, 78XD, EV 98.8 MPH), Distance : 407 ft
Bottom of the 9th over - 1 run, 1 hit, 0 errors, 0 left on base; Cleveland 3 - New York (A) 4
Wednesday, May 1st , 2024 - OOTP Baseball 24.10 Build 82